 Dungeon Crawl Stone Soup version 0.30-a0-782-ge64f9170bb (webtiles) character file.

Game seed: 15718811730848058512

2022 mopl the Cudgeller (level 9, -2/56 HPs)
             Began as a Gargoyle Fighter on Mar 6, 2023.
             Slain by a gargoyle
             ... wielding a +0 mace
              (18 damage)
             ... on level 6 of the Dungeon.
             The game lasted 00:06:52 (5502 turns).

mopl the Cudgeller (Gargoyle Fighter)               Turns: 5502, Time: 00:06:53

Health: -2/56      AC: 16    Str: 20    XL:     9   Next: 23%
Magic:  9/9        EV: 16    Int:  9    God:
Gold:   282        SH:  4    Dex: 13    Spells: 8/8 levels left

rFire   . . .      SeeInvis .    a - +0 morningstar
rCold   . . .      Faith    .    c - +0 buckler
rNeg    + + .      Spirit   .    s - +0 scale mail
rPois   ∞          Reflect  .    (no helmet)
rElec   +          Harm     .    t - +0 cloak
rCorr   .          Rampage  .    C - +0 pair of gloves
Will    .....                    (no boots) Stlth
                                 (no amulet)
HPRegen 0.29/turn                i - +5 ring of evasion
MPRegen 0.11/turn                p - ring of positive energy

@: no status effects
A: sickness immunity, AC +6, negative energy resistance 1, electricity
resistance, torment resistance 1, petrification resistance
a: no special abilities


You were on level 6 of the Dungeon.
You visited 1 branch of the dungeon, and saw 6 of its levels.

You collected 282 gold pieces.

Inventory:

Hand Weapons
 a - a +0 morningstar (weapon)
 b - the +6 dagger "Fec Neox" {venom, Dex+3}
   (You found it on level 3 of the Dungeon)

   Dex:       It affects your dexterity (+3).
Missiles
 r - a boomerang of dispersal
 H - a throwing net
Armour
 c - a +0 buckler (worn)
 s - a +0 scale mail (worn)
 t - a +0 cloak (worn)
 v - a +0 tower shield
 y - the +0 robe "Zelitok" {rF+ Will+}
   (You found it on level 4 of the Dungeon)

   rF:        It protects you from fire.
   Will:      It increases your willpower.
 C - a +0 pair of gloves (worn)
Jewellery
 i - a +5 ring of evasion (left hand)
 p - a ring of positive energy (right hand)
 I - a ring of fire
Wands
 o - a wand of charming (1) (quivered)
 w - a wand of digging (1)
Scrolls
 e - 3 scrolls of teleportation {unknown}
 f - 3 scrolls of amnesia {unknown}
 j - 3 scrolls of vulnerability {unknown}
 l - a scroll of enchant weapon {unknown}
 m - a scroll of summoning {unknown}
 x - a scroll of immolation {unknown}
 B - a scroll of poison {unknown}
 G - a scroll of fog {unknown}
 J - a scroll of noise {unknown}
 L - a scroll of magic mapping {unknown}
Potions
 d - 2 potions of might
 g - a potion of lignification {!q}
 k - 2 potions of attraction {unknown}
 n - a potion of ambrosia
 q - 2 potions of haste {unknown}
 u - a potion of degeneration {unknown}
 z - a potion of curing
 A - a potion of berserk rage {unknown}
 D - a potion of mutation {!q}
 E - 3 potions of flight
 F - a potion of heal wounds
 K - a potion of magic {unknown}


   Skills:
 + Level 6.6 Fighting
 * Level 7.8 Maces & Flails
 + Level 6.6 Armour
 + Level 4.1 Dodging
 - Level 3.2 Shields


You had 8 spell levels left.
You didn't know any spells.
Your spell library contained the following spells:

 Spells                   Type           Power      Damage    Failure   Level
 Kiss of Death            Conj/Necr      0%         2d5       80%         1
 Confusing Touch          Hex            0%         N/A       99%         3
 Ignite Poison            Fire/Tmut/Pois 0%         N/A       99%         3
 Kindle Blastsparks       Fire/Tloc/Air  0%         2d10      99%         3
 Dispel Undead            Necr           0%         3d6       100%        4
 Freezing Cloud           Conj/Ice/Air   0%         6-21      100%        5


Dungeon Overview and Level Annotations

Branches:
Dungeon (6/15)
 Temple: D:4-7

Altars:
Fedhas


Innate Abilities, Weirdness & Mutations

You are immune to sickness and miasma.
Your stone body is resilient. (AC +6)
You are immune to poison.
You resist negative energy. (rN+)
You are resistant to electric shocks. (rElec)
You are resistant to unholy torment.
You are immune to petrification.


Message History

No target in view!
No target in view!
No target in view!
No target in view!
No target in view!
No target in view!
No target in view!
No target in view!
No target in view!
There is a stone staircase leading down here.
You climb downwards.
There is a stone staircase leading up here.
There is a stone staircase leading up here.
Items here: )) [[.
Okay, then.
You block the gargoyle's attack.
You hit the gargoyle but do no damage. The gargoyle misses you.
You hit the gargoyle but do no damage. The gargoyle misses you.
You hit the gargoyle.
The gargoyle is lightly damaged.
The gargoyle hurls a stone arrow at you.
The stone arrow hits you!!
You hit the gargoyle but do no damage.
The gargoyle is lightly damaged.
The gargoyle misses you.
You hit the gargoyle.
The gargoyle is lightly damaged.
The gargoyle barely misses you.
You sock the gargoyle!
The gargoyle is severely damaged.
The gargoyle hits you with a +0 mace.
The gargoyle hurls a stone arrow at you.
The stone arrow hits you!!
* * * LOW HITPOINT WARNING * * *
You are too injured to fight recklessly!
You are too injured to fight recklessly!
You hit the gargoyle but do no damage.
The gargoyle is severely damaged.
The gargoyle hits you with a +0 mace!!
You die...

#.[# #.....# #.####. ########.##
##.....# #..##.. .....###..##
#......# #)...## .......##..#
#......# #####...## ........#..##
#.....###........## .........#..#
#..........##.....#
.........#..###......######.....#
.........##..###....## #......
.........##..###@.### #..####
.........###....9## #..#
.........##..##..# #..#
........##..####.###### #..####
.......##..## #[......# #......
#.....##..## ##.......# #......
##.####..## ##........# #......
#####.### #.........# ##......
###.## #.........# #.......


You could see a gargoyle.

Vanquished Creatures
  Prince Ribbit (D:5)
  A yak (D:6)
  A phantom (D:5)
  A bullfrog (D:6)
  2 scorpions (D:4)
  A howler monkey (D:5)
  4 hounds
  4 orc priests
  Crazy Yiuf (D:4)
  2 jellies
  2 gnoll boudas (D:4)
  2 iguanas
  Ijyb (D:4)
  4 orc wizards
  Natasha (thrice) (D:3)
  9 gnolls
  11 adders
  A white imp (D:5)
  3 ufetubi
  A dart slug (D:3)
  16 orcs
  5 bats
  5 endoplasms
  5 giant cockroaches
  3 hobgoblins
  8 jackals
  3 quokkas
  6 ball pythons
  6 frilled lizards
  7 goblins
  9 kobolds
  2 rats
130 creatures vanquished.

Vanquished Creatures (collateral kills)
  3 yaks (D:6)
  A phantom (D:6)
4 creatures vanquished.

Vanquished Creatures (others)
  A water moccasin (D:6)
  6 fungi
  5 plants (D:3)
12 creatures vanquished.

Grand Total: 146 creatures vanquished

Notes
Turn   | Place    | Note
-------+----------+-------------------------------------------
     0 | D:1      | mopl the Gargoyle Fighter began the quest for the Orb.
     0 | D:1      | Reached XP level 1. HP: 14/14 MP: 1/1
    94 | D:1      | Reached XP level 2. HP: 19/19 MP: 2/2
   933 | D:2      | Reached XP level 3. HP: 23/23 MP: 3/3
  1627 | D:3      | Reached skill level 3 in Maces & Flails
  1627 | D:3      | Reached skill level 1 in Dodging
  1627 | D:3      | Reached XP level 4. HP: 29/29 MP: 4/4
  1677 | D:3      | Identified the +6 dagger "Fec Neox" {venom, Dex+3}
  1687 | D:3      | Found a blossoming altar of Fedhas.
  1862 | D:3      | Found a faded altar of an unknown god.
  2226 | D:3      | Noticed Natasha
  2233 | D:3      | Killed Natasha
  2234 | D:3      | Reached skill level 4 in Armour
  2234 | D:3      | Reached XP level 5. HP: 23/33 MP: 5/5
  2342 | D:3      | Found a blossoming altar of Fedhas.
  2377 | D:3      | Noticed Natasha
  2382 | D:3      | Killed Natasha
  2383 | D:3      | Reached skill level 4 in Fighting
  2435 | D:3      | Found a faded altar of an unknown god.
  2447 | D:3      | Noticed Natasha
  2460 | D:3      | Killed Natasha
  2836 | D:3      | Reached skill level 4 in Maces & Flails
  3098 | D:4      | Reached XP level 6. HP: 38/38 MP: 6/6
  3136 | D:4      | Identified the +0 robe "Zelitok" {rF+ Will+}
  3202 | D:4      | Reached skill level 2 in Dodging
  3625 | D:4      | Reached XP level 7. HP: 40/44 MP: 7/7
  3828 | D:4      | Found a runed translucent door.
  3830 | D:4      | Noticed Crazy Yiuf
  3839 | D:4      | Killed Crazy Yiuf
  3896 | D:5      | Entered Level 5 of the Dungeon
  3925 | D:5      | Reached skill level 5 in Maces & Flails
  3932 | D:5      | Noticed Ijyb
  4023 | D:4      | Killed Ijyb
  4049 | D:4      | Reached skill level 5 in Armour
  4074 | D:4      | Reached skill level 5 in Fighting
  4420 | D:6      | Noticed a yak
  4420 | D:6      | Noticed a yak
  4420 | D:6      | Noticed a yak
  4434 | D:6      | Noticed a yak
  4448 | D:6      | Killed a yak
  4449 | D:6      | Reached skill level 3 in Dodging
  4449 | D:6      | Reached XP level 8. HP: 16/49 MP: 8/8
  4452 | D:6      | Killed a yak
  4453 | D:6      | Reached skill level 6 in Maces & Flails
  4457 | D:6      | Killed a yak
  4461 | D:6      | Killed a yak
  4627 | D:6      | Reached skill level 6 in Armour
  4634 | D:5      | Reached skill level 6 in Fighting
  4713 | D:5      | Reached skill level 7 in Maces & Flails
  4943 | D:5      | Noticed Prince Ribbit
  4953 | D:5      | Killed Prince Ribbit
  4954 | D:5      | Reached skill level 4 in Dodging
  4954 | D:5      | Reached XP level 9. HP: 47/56 MP: 9/9
  5231 | D:6      | Noticed a gargoyle
  5502 | D:6      | Slain by a gargoyle

Illustrated notes

Levels and vault maps discovered:
D:1:      eino_arrival_water_cross, layout_basic,
          chequers_serial_rivers_large_b, minmay_statues_item, minivault_24
D:2:      layout_loops_ring, chequers_decorated_corner,
          kennysheep_generic_room_5
D:3:      layout_loops_ring, fedhas_altar_3, ebering_ecumenical_altar_ruins,
          uniq_natasha
D:4:      layout_basic, kennysheep_generic_room_6, uniq_crazy_yiuf_cottage
D:5:      layout_cave_pools, uniq_ijyb, uniq_prince_ribbit1
D:6:      hangedman_cross_stitches, layout_cave_pods, kennysheep_mini,
          hangedman_minor_gate_pass

Skill      XL: |  1  2  3  4  5  6  7  8 |
---------------+-------------------------+-----
Maces & Flails | 3 4 5 7 |  7.8
Dodging        | 1 2 3 4 |  4.1
Armour         | 4 5 6 |  6.6
Fighting       | 4 5 6 |  6.6
Shields        | |  3.2

Action                     |  1- 3 |  4- 6 |  7- 9 || total
---------------------------+-------+-------+-------++-------
  Melee: Flail             |    89 |       |       ||    89
         Morningstar       |     9 |   172 |    34 ||   215
         Dagger            |       |       |   208 ||   208
  Evoke: Wand              |       |       |     6 ||     6
    Use: Scroll            |       |       |     6 ||     6
   Stab: Betrayed ally     |       |       |     2 ||     2
 Armour: Scale mail        |    55 |    76 |    99 ||   230
  Dodge: Dodged            |    48 |   165 |   265 ||   478
  Block: Buckler           |    19 |    50 |    66 ||   135

Table legend: (Time is in decaauts)
 A = Elapsed time spent in this place.
 B = Non-inter-level travel time spent in this place.
 C = Inter-level travel time spent in this place.
 D = Time resting spent in this place.
 E = Time spent auto-exploring this place.
 F = Levels seen in this place.
 G = Mean time per level.
                   A        B        C        D        E       F      G
               +--------+--------+--------+--------+--------+-----+--------+
         Total |   5655 |   5388 |    267 |    685 |   3476 |   6 |  942.5 |
       Dungeon |   5655 |   5388 |    267 |    685 |   3476 |   6 |  942.5 |
               +--------+--------+--------+--------+--------+-----+--------+

Top non-repeatable levels by time:
     D:3: 1410 daAuts
     D:4: 1296 daAuts
     D:1: 971 daAuts
     D:5: 740 daAuts
     D:2: 694 daAuts
     D:6: 541 daAuts
